[Event "Late-Titled-Tuesday-Blitz-January-16-2024"]
[Site "Chess.com"]
[Date "2024.01.16"]
[Round "11"]
[White "santosalberto1987"]
[Black "Ticondriul"]
[Result "0-1"]
[WhiteElo "2505"]
[BlackElo "2730"]
[TimeControl "180+1"]
[EndTime "16:05:25 PST"]
[Termination "Ticondriul won by resignation"]

1. e4 Nc6 2. Nf3 d5 3. exd5 Qxd5 4. d4 Bg4 5. Be2 Nf6 6. Be3 O-O-O 7. Nbd2 Qh5 8. c4 e6 9. a3 Bd6 10. b4 e5 11. d5 Nd4 12. Nxd4 exd4 13. Bxd4 Rhe8 14. Be3 Rxe3 15. fxe3 Qh4+ 16. Kf1 Re8 17. h3 h5 18.
Kg1 Bg3 19. hxg4 Bf2+ 20. Kf1 Qxh1+ 21. Kxf2 Qh4+ 22. Kg1 hxg4 23. Qe1 g3 24. Nf1 Ne4 25. Bf3 Rh8 26. Nxg3 Nxg3 27. Qc3 f6 28. c5 Nh1 29. Ra2 Qh2+ 30. Kf1 Ng3+ 31. Kf2 Qh4 32. Kg1 Qg5 33. Ra1 Rh1+ 34. Kf2 Qh4 35. Rxh1 Ne4+ 36.
Kg1 Qf2+ 37. Kh2 Nxc3 0-1

[Event "Late-Titled-Tuesday-Blitz-January-16-2024"]
[Site "Chess.com"]
[Date "2024.01.16"]
[Round "11"]
[White "WPWPWP-2015"]
[Black "Bkmzzzzz"]
[Result "1-0"]
[WhiteElo "2544"]
[BlackElo "2407"]
[TimeControl "180+1"]
[EndTime "16:05:28 PST"]
[Termination "WPWPWP-2015 won by checkmate"]

1. d4 d5 2. Nf3 Nf6 3. c4 dxc4 4. Nc3 a6 5. a4 Nc6 6. e3 Na5 7. Nd2 c5 8. dxc5 e6 9. Be2 Bxc5 10. O-O O-O 11.
Nxc4 Nxc4 12. Bxc4 b6 13. Qf3 Rb8 14. e4 Bb7 15.
Bg5 Be7 16. Rfd1 Qc7 17. Bd3 Rbd8 18. Rac1 Qb8 19. Be3 Qa8 20. Bxb6 Rc8 21. Qe2 Bb4 22. Bd4 Bxc3 23. bxc3 Nxe4 24. Qg4 f5 25. Qxg7# 1-0

[Event "Late-Titled-Tuesday-Blitz-January-16-2024"]
[Site "Chess.com"]
[Date "2024.01.16"]
[Round "11"]
[White "cthulhuuu"]
[Black "dosto07"]
[Result "0-1"]
[WhiteElo "2444"]
[BlackElo "2545"]
[TimeControl "180+1"]
[EndTime "16:05:29 PST"]
[Termination "dosto07 won on time"]

1. e4 e5 2. Nf3 Nc6 3. Bb5 a6 4. Bxc6 dxc6 5. O-O Bg4 6. h3 Bh5 7. g4 Bg6 8. Nxe5 Qh4 9. Qf3 f6 10. Nxg6 hxg6 11. Kg2 Ne7 12. Qg3 Qh7 13. Rh1 g5 14. d3 O-O-O 15. f4 Ng6 16. Nc3 Bd6 17. Ne2 gxf4 18. Qf2 Nh4+ 19. Kf1 f3 20. Ng1 g6 21. Nxf3 Nxf3 22. Qxf3 Be5 23. c3 c5 24. Ke2 Qd7 25. Rd1 Rh7 26. Be3 Rdh8 27. Rh1 Qb5 28. Rab1 Qa4 29. Rbc1 Qxa2 30. Rc2 Bxc3 0-1

[Event "Late-Titled-Tuesday-Blitz-January-16-2024"]
[Site "Chess.com"]
[Date "2024.01.16"]
[Round "11"]
[White "Zkid"]
[Black "MKlose11"]
[Result "1-0"]
[WhiteElo "2911"]
[BlackElo "2647"]
[TimeControl "180+1"]
[EndTime "16:05:35 PST"]
[Termination "Zkid won by resignation"]

1. e4 e6 2. d4 d5 3. Nc3 Bb4 4. exd5 exd5 5. Bd3 Nc6 6. Ne2 Nce7 7. Ng3 Nf6 8. O-O O-O 9. Bg5 Qd6 10. Nb5 Qb6 11. c3 Bd6 12. Bxf6 gxf6 13. Nh5 Kh8 14. Qd2 Ng8 15. Rae1 Bd7 16. Nxd6 Qxd6 17. Re3 Bg4 18. Ng3 Rae8 19. Rfe1 Rxe3 20. Qxe3 Bd7 21. Qf3 c6 22. Nh5 f5 23. Bxf5 Bxf5 24. Qxf5 Qg6 25. Qf3 Nh6 26. Nf6 Nf5 27. Nd7 Rd8 28. Ne5 Qf6 29.
g4 Rg8 30. Kh1 1-0

[Event "Late-Titled-Tuesday-Blitz-January-16-2024"]
[Site "Chess.com"]
[Date "2024.01.16"]
[Round "11"]
[White "ATM622"]
[Black "karinachess1"]
[Result "1-0"]
[WhiteElo "2496"]
[BlackElo "2612"]
[TimeControl "180+1"]
[EndTime "16:05:35 PST"]
[Termination "ATM622 won on time"]

1. d4 Nf6 2. c4 e6 3. g3 d5 4. Bg2 dxc4 5. Nf3 Nc6 6. O-O Rb8 7. Nc3 b5 8. e4 Be7 9. d5 Nb4 10. Ne5 Bd6 11. f4 exd5 12. exd5 Bd7 13. a3 Na6 14. Qe2 O-O 15. Be3 Nc5 16. h3 Re8 17. Qf2 Bxe5 18. Bxc5 Bd6 19. Bxa7 Ra8 20. Bd4 Rb8 21. Rfe1 Bf5 22.
g4 Bd3 23. Rxe8+ Nxe8 24. Re1 Qd7 25. Be4 b4 26. axb4 Bxb4 27. Bxd3 cxd3 28. Qf3 d2 29. Rd1 c6 30. Be5 Bc5+ 31. Kg2 cxd5 32. Rxd2 d4 33.
Bxb8 Qc8 34. Ne4 Bb6 35. Be5 Qc4 36. Qd3 Qd5 37. Bxd4 Ba5 38. Bc3 1-0

[Event "Late-Titled-Tuesday-Blitz-January-16-2024"]
[Site "Chess.com"]
[Date "2024.01.16"]
[Round "11"]
[White "thesupera12"]
[Black "JCVanDamme10"]
[Result "1-0"]
[WhiteElo "2507"]
[BlackElo "2340"]
[TimeControl "180+1"]
[EndTime "16:05:37 PST"]
[Termination "thesupera12 won on time"]

1. b3 e5 2. Bb2 Nc6 3. e3 a6 4. Nf3 f5 5. Nxe5 Nf6 6. Nxc6 dxc6 7. Be2 Bd6 8. O-O O-O 9. d4 Ne4 10. Nd2 Qh4 11. Nf3 Qh6 12. g3 Nf6 13. Ne5 Bxe5 14.
dxe5 Ng4 15. Bxg4 fxg4 16. Qd4 Be6 17. Rad1 Rf3 18. Rd2 Raf8 19. Ba3 Re8 20. c4 b6 21. Qe4 Bf5 22. Qd4 c5 23. Qd5+ Be6 24. Qb7 Ref8 25. Qxc7 Qg6 26. Qxb6 h5 27. Rd6 Rxf2 28. Rxf2 Qb1+ 29.
Kg2 Qe4+ 30. Kg1 Qb1+ 31. Kg2 Qe4+ 32. Kg1 Qxe3 33. Qxc5 Qe1+ 34. Kg2 Qe4+ 35. Kf1 Qb1+ 36. Ke2 Qe4+ 37. Kd2 Bf5 38. Qd5+ Qxd5+ 39. cxd5 1-0

[Event "Late-Titled-Tuesday-Blitz-January-16-2024"]
[Site "Chess.com"]
[Date "2024.01.16"]
[Round "11"]
[White "KorolDimitriy75"]
[Black "ChessRook_E"]
[Result "0-1"]
[WhiteElo "2352"]
[BlackElo "2224"]
[TimeControl "180+1"]
[EndTime "16:05:44 PST"]
[Termination "ChessRook_E won on time"]

1. d4 Nf6 2. c4 e6 3. Nc3 b6 4. Qc2 Bb7 5. e4 d5 6. cxd5 exd5 7. e5 Ne4 8. Bd3 Nc6 9. Nge2 Nb4 10. Qa4+ Bc6 11.
Bb5 Bxb5 12. Qxb5+ c6 13. Qa4 Nd3+ 14. Kf1 Qd7 15. Nxe4 dxe4 16. Qc2 Rc8 17. f3 exf3 18. Qxd3 fxe2+ 19. Kxe2 Qg4+ 20. Kf2 Rd8 21. Be3 Bc5 22. Rad1 O-O 23. Rhf1 Bxd4 24. Bxd4 c5 25. Qf3 Rxd4 26. Qxg4 Rxg4 27. Rd7 Re4 28. Rfd1 Rxe5 29. Rxa7 Rfe8 30.
Rdd7 Rf5+ 31. Kg3 g6 32. h3 Re3+ 33. Kh2 Re2 34. Kg3 Rff2 35. b3 Rxg2+ 36. Kf3 Rgf2+ 37. Kg3 Rxa2 38. Rab7 Rf5 39. Rxb6 Raf2 40. Rbb7 R5f3+ 41. Kg4 h5+ 42. Kg5 Kg7 43. Rbc7 Rg2+ 0-1

[Event "Late-Titled-Tuesday-Blitz-January-16-2024"]
[Site "Chess.com"]
[Date "2024.01.16"]
[Round "11"]
[White "ChristopherYoo"]
[Black "GMKrikor"]
[Result "1-0"]
[WhiteElo "2990"]
[BlackElo "2760"]
[TimeControl "180+1"]
[EndTime "16:05:47 PST"]
[Termination "ChristopherYoo won by checkmate"]

1. e4 e6 2. Nf3 d5 3. exd5 exd5 4. d4 Nc6 5. Bb5 Bd6 6. O-O Ne7 7. Re1 O-O 8. h3 Bf5 9. c3 a6 10. Bf1 Qd7 11.
Nbd2 Rfe8 12. Nb3 b6 13. Ne5 Bxe5 14. dxe5 h6 15. g4 Bh7 16. Bg2 Rad8 17. f4 Ng6 18. Be3 Nh4 19. Bh1 Be4 20. Bxe4 dxe4 21. Qxd7 Rxd7 22.
Red1 Red8 23. Rxd7 Rxd7 24. Kf2 Nf3 25. Ke2 g5 26.
fxg5 hxg5 27. Nd2 Nxd2 28. Bxd2 Nxe5 29. Bxg5 Rd3 30. Rh1 Nc4 31. b3 Nd6 32. c4 f5 33.
Bf4 Kf7 34. g5 Kg6 35. h4 Kh5 36. Rg1 Ne8 37. g6 Ng7 38. Bxc7 Kxh4 39. Be5 Rd7 40.
Bxg7 Rxg7 41. Ke3 Kh5 42. Kf4 Rxg6 43. Rh1# 1-0

[Event "Late-Titled-Tuesday-Blitz-January-16-2024"]
[Site "Chess.com"]
[Date "2024.01.16"]
[Round "11"]
[White "jinbojinbo"]
[Black "MITerryble"]
[Result "0-1"]
[WhiteElo "2649"]
[BlackElo "3006"]
[TimeControl "180+1"]
[EndTime "16:05:49 PST"]
[Termination "MITerryble won on time"]

1. e4 e6 2. d4 d5 3. Nc3 Nf6 4. e5 Nfd7 5. f4 c5 6. Nf3 Nc6 7. Be3 Be7 8. Qd2 O-O 9. dxc5 Qa5 10. a3 Nxc5 11. h4 Rd8 12. Nd4 Qc7 13. h5 a6 14.
g4 b5 15. Bd3 Bb7 16. g5 Ne4 17. Bxe4 dxe4 18. Nce2 b4 19. axb4 Nxb4 20. O-O Nd5 21. c3 Bc5 22. Rfd1 a5 23. Rac1 Ba6 24. Ng3 Bd3 25. Kh2 Rab8 26. b4 Bb6 27. bxa5 Bxa5 28.
g6 Rbc8 29. Qf2 Qe7 30. Kh3 Bxc3 31. Nde2 fxg6 32. hxg6 hxg6 33. Nxc3 Nxc3 34. Rh1 Nd5 35. Kg2 Qf7 36. Rxc8 Rxc8 37. Rc1 Rf8 38. Rc6 g5 39. fxg5 Qe8 0-1

[Event "Late-Titled-Tuesday-Blitz-January-16-2024"]
[Site "Chess.com"]
[Date "2024.01.16"]
[Round "11"]
[White "jcibarra"]
[Black "Msb2"]
[Result "0-1"]
[WhiteElo "2885"]
[BlackElo "3031"]
[TimeControl "180+1"]
[EndTime "16:05:50 PST"]
[Termination "Msb2 won on time"]

1. e4 e6 2. d4 d5 3. Nc3 Nf6 4. Bg5 dxe4 5. Nxe4 Be7 6. Bxf6 Bxf6 7. Nf3 O-O 8. c3 b6 9. Bd3 Bb7 10. Qc2 Nd7 11. O-O-O Be7 12. h4 c5 13. dxc5 Qc7 14. Neg5 h6 15. Bh7+ Kh8 16. Be4 Bxe4 17. Qxe4 Nf6 18.
Nxf7+ Rxf7 19. Qxe6 Qf4+ 20. Kb1 Qe4+ 21. Qxe4 Nxe4 22.
Ne5 Rf6 23. Rd7 Bxc5 24. f3 Ng3 25. Rhd1 Re8 26. R1d5 Kg8 27. b4 Bf8 28. Rxa7 Rf5 29.
f4 Rxf4 30. Nf3 Re2 31. Rd8 Rxg2 32. Nd2 Ne4 33. Nxe4 Rf1+ 0-1

[Event "Late-Titled-Tuesday-Blitz-January-16-2024"]
[Site "Chess.com"]
[Date "2024.01.16"]
[Round "11"]
[White "Jagerrmeisterr"]
[Black "Actuary44"]
[Result "1-0"]
[WhiteElo "2717"]
[BlackElo "2507"]
[TimeControl "180+1"]
[EndTime "16:05:53 PST"]
[Termination "Jagerrmeisterr won by resignation"]

1. Nf3 d6 2. d4 g6 3. Nc3 f5 4. h4 h6 5. e4 fxe4 6. Nxe4 Bg7 7. Bd3 Bf5 8. Ng3 e6 9. h5 Ne7 10. hxg6 Bxd3 11. Qxd3 Nbc6 12. Be3 Qd7 13. Nh5 Nf5 14. O-O-O O-O-O 15. c3 Rdg8 16. g4 Nxe3 17. fxe3 Ne7 18. Nh4 Nd5 19. Rhf1 Qe7 20. Ng2 Qg5 21. Qe4 Kb8 22.
Rf7 Bf6 23. Ngf4 Bd8 24. g7 Rxg7 25. Rxg7 Qh4 26. Ng6 1-0

[Event "Late-Titled-Tuesday-Blitz-January-16-2024"]
[Site "Chess.com"]
[Date "2024.01.16"]
[Round "11"]
[White "Rgoltsman"]
[Black "Walter_White_Poland"]
[Result "1-0"]
[WhiteElo "2272"]
[BlackElo "2351"]
[TimeControl "180+1"]
[EndTime "16:05:53 PST"]
[Termination "Rgoltsman won by resignation"]

1. e4 e5 2. Nf3 Nc6 3. Bc4 Nf6 4. Ng5 d5 5. exd5 Na5 6. Bb5+ c6 7. dxc6 bxc6 8. Bd3 Ng4 9. Nf3 Bc5 10. O-O f5 11. Ne1 Qh4 12. Nf3 Nxf2 13. Nxh4 Nxd1+ 14. Kh1 Nf2+ 15. Rxf2 Bxf2 16. Nxf5 g6 17. Nd6+ Ke7 18.
Ne4 Bb6 19. b4 Nb7 20. Bb2 Bd4 21. Nbc3 Be6 22. Re1 a5 23. a3 axb4 24. axb4 Rhf8 25. Ng5 Rf2 26. Nxe6 Kxe6 27. Bc4+ Kd7 28. Ne4 Rf4 29. c3 Bb6 30. b5 Raf8 31. bxc6+ Kxc6 32. Ba3 Ra8 33. Bb2 Nc5 34. d3 Nxe4 35. dxe4 Bc5 36. Bd5+ Kb6 37.
Bxa8 Rf2 38. Rb1 Kc7 39. c4 Bd4 40. Bxd4 exd4 41. e5 d3 42. Bf3 d2 43. Rd1 Kd7 44. Kg1 1-0

[Event "Late-Titled-Tuesday-Blitz-January-16-2024"]
[Site "Chess.com"]
[Date "2024.01.16"]
[Round "11"]
[White "Bryanl106"]
[Black "DeArron_Fox"]
[Result "1-0"]
[WhiteElo "2574"]
[BlackElo "2446"]
[TimeControl "180+1"]
[EndTime "16:05:54 PST"]
[Termination "Bryanl106 won on time"]

1. e4 c5 2. Nf3 e6 3. d4 cxd4 4. Nxd4 a6 5. Nc3 b5 6. Bd3 Bb7 7. O-O Nc6 8. Nxc6 Bxc6 9. Re1 Qb8 10. a4 bxa4 11. e5 Ne7 12. Qg4 Ng6 13. Qg3 d6 14. Be4 Bxe4 15. Nxe4 d5 16. Ng5 Bb4 17. c3 Bc5 18. Rxa4 Qb3 19. Rg4 Rd8 20. h4 h5 21.
Nxe6 hxg4 22. Nxc5 Qc4 23. b4 O-O 24. h5 Ne7 25. Bf4 Nf5 26. Qxg4 Qxc3 27. Rc1 Qxb4 28. Qxf5 Rc8 29. Nd3 Rxc1+ 30. Bxc1 Qb1 31. h6 gxh6 32. Kh2 a5 33. Bxh6 Rb8 34. Qg4+ 1-0

[Event "Late-Titled-Tuesday-Blitz-January-16-2024"]
[Site "Chess.com"]
[Date "2024.01.16"]
[Round "11"]
[White "texie1"]
[Black "Godzillator"]
[Result "0-1"]
[WhiteElo "2502"]
[BlackElo "2393"]
[TimeControl "180+1"]
[EndTime "16:05:58 PST"]
[Termination "Godzillator won by resignation"]

1. Nf3 b6 2. e4 Bb7 3. Nc3 Nf6 4. e5 Nd5 5. d4 Nxc3 6. bxc3 e6 7. Bd3 c5 8. O-O Nc6 9. Be3 Rc8 10. Be4 Na5 11. d5 Nc4 12. Bf4 g6 13. Qd3 exd5 14. Bxd5 Bxd5 15.
Qxd5 Na5 16. Ng5 Qe7 17. Ne4 Qe6 18. Nf6+ Kd8 19. Qf3 Be7 20. Rad1 Bxf6 21. exf6 Re8 22. Rd6 Qe4 23. Qh3 Rc7 24. Bg3 h5 25. Qh4 Qxh4 26.
Bxh4 Re6 27. Rfd1 Rxd6 28. Rxd6 Rc6 29. Rd3 Nc4 30. Bg5 Re6 31. h4 Re1+ 32. Kh2 Ne5 33. Re3 Ng4+ 34. Kg3 Nxe3 35. Bxe3 Ra1 36. Kf4 Rxa2 37. Kg5 a5 38. Kh6 a4 39. Kg7 Ke8 40. f3 Rxc2 41. g4 a3 42. gxh5 gxh5 43. c4 a2 44. Bg5 a1=Q 45. f4 Rxc4 46. Kh6 Rxf4 47. Kxh5 Rxf6 48. Bxf6 0-1

[Event "Late-Titled-Tuesday-Blitz-January-16-2024"]
[Site "Chess.com"]
[Date "2024.01.16"]
[Round "11"]
[White "MaxLeto"]
[Black "BozeKat"]
[Result "1/2-1/2"]
[WhiteElo "2370"]
[BlackElo "2107"]
[TimeControl "180+1"]
[EndTime "16:05:59 PST"]
[Termination "Game drawn by stalemate"]

1. e4 c5 2. Nf3 Nc6 3. d4 cxd4 4. Nxd4 Nf6 5. Nc3 e5 6. Ndb5 d6 7. Bg5 a6 8. Na3 b5 9. Nd5 Be7 10. Bxf6 Bxf6 11. c4 b4 12. Nc2 a5 13. g3 g6 14.
Bg2 Bg7 15. Qd3 O-O 16. Rd1 Bg4 17. Bf3 Be6 18. h4 h6 19. h5 g5 20. g4 Nd4 21. b3 Bxd5 22. exd5 Nxf3+ 23. Qxf3 e4 24. Qf5 Bc3+ 25. Kf1 Qf6 26. Ne3 Rae8 27. Qxf6 Bxf6 28. Ke2 Be5 29. Nf5 Kh7 30. Rh3 a4 31. Kf1 Ra8 32. Re3 axb3 33. axb3 Ra3 34. Rb1 Rfa8 35. Rxe4 Ra1 36.
Rxa1 Rxa1+ 37. Kg2 Rb1 38. c5 dxc5 39. Rxe5 Rxb3 40.
d6 Rd3 41. Rxc5 b3 42. Rb5 f6 43. Kf1 Kg8 44. Ke2 Rd5 45. Rxd5 b2 46. Rb5 Kf7 47.
Rxb2 Ke6 48. Rb7 Ke5 49. Re7+ Kf4 50. f3 1/2-1/2

[Event "Late-Titled-Tuesday-Blitz-January-16-2024"]
[Site "Chess.com"]
[Date "2024.01.16"]
[Round "11"]
[White "The_Straightforward_Rook"]
[Black "Chempiblinka"]
[Result "0-1"]
[WhiteElo "2445"]
[BlackElo "2324"]
[TimeControl "180+1"]
[EndTime "16:06:00 PST"]
[Termination "Chempiblinka won on time"]

1. e4 c5 2. c3 Nf6 3. e5 Nd5 4. Nf3 d6 5. Bc4 Nb6 6. e6 Bxe6 7. Bxe6 fxe6 8. Ng5 Qd7 9. d4 cxd4 10. cxd4 Nc6 11. O-O g6 12. Re1 e5 13. d5 Nd4 14. Be3 h6 15. Bxd4 hxg5 16. Bxb6 axb6 17. Qd3 Rh6 18. Nc3 Bg7 19. a4 Ra5 20. Nb5 Qf5 21. Qc4 Kf7 22. Ra3 Rh4 23. Qc7 Qf6 24. Qxb6 Raxa4 25. Rc3 Rac4 26.
Qxb7 Rhe4 27. Rec1 Rxc3 28. bxc3 Re2 29. Qa7 g4 0-1

[Event "Late-Titled-Tuesday-Blitz-January-16-2024"]
[Site "Chess.com"]
[Date "2024.01.16"]
[Round "11"]
[White "ImportedItalianMaple"]
[Black "SanchezKelvin"]
[Result "1-0"]
[WhiteElo "2438"]
[BlackElo "2544"]
[TimeControl "180+1"]
[EndTime "16:06:01 PST"]
[Termination "ImportedItalianMaple won by resignation"]

1. e4 e5 2. Nc3 Nc6 3. Bc4 Nf6 4. d3 Bc5 5. f4 Bxg1 6. Rxg1 d6 7. f5 h6 8. Be3 Nd4 9. Ne2 b5 10. Bb3 Nxb3 11. axb3 Ng4 12. Qd2 Qh4+ 13. g3 Qxh2 14. O-O-O Nxe3 15. Qxe3 Qh5 16. Rh1 Qg4 17. Rh4 Qxh4 18.
gxh4 c5 19. Nc3 a6 20. Nd5 Ra7 21. b4 Bb7 22. bxc5 Bxd5 23. exd5 f6 24. c6 Rc7 25. Qb6 Rc8 26. Qxa6 O-O 27. Qxb5 Ra8 28. c7 Rfc8 29. Qd7 1-0

[Event "Late-Titled-Tuesday-Blitz-January-16-2024"]
[Site "Chess.com"]
[Date "2024.01.16"]
[Round "11"]
[White "LUISMIGUELOV"]
[Black "ThaBarWa"]
[Result "0-1"]
[WhiteElo "2186"]
[BlackElo "2399"]
[TimeControl "180+1"]
[EndTime "16:06:01 PST"]
[Termination "ThaBarWa won on time"]

1. d4 d5 2. c3 Nf6 3. Bg5 Ne4 4. h4 h6 5. Bf4 c5 6. e3 Qb6 7. Qb3 c4 8. Qxb6 axb6 9. Bxb8 Rxb8 10. Nd2 Nf6 11. e4 b5 12. exd5 Nxd5 13. g3 Bf5 14.
a3 e6 15. Bg2 Ra8 16. Rc1 Be7 17. Be4 O-O 18. Ngf3 Bxe4 19. Nxe4 f5 20. Ned2 Bd6 21.
O-O Rae8 22. Rce1 Kh7 23. Ne5 g5 24. hxg5 hxg5 25. Kg2 Kg7 26. Rh1 Nf6 27. f3 Rh8 28. Rxh8 Rxh8 29. Nf1 Nd5 30. Ne3 Bxe5 31. Nxd5 Bxg3 32.
Kxg3 exd5 33. Re5 Rd8 34. Rxf5 Kg6 35. Kg4 Rd7 36. Rxg5+ Kf6 37. Re5 Rg7+ 38. Kf4 Rd7 0-1

[Event "Late-Titled-Tuesday-Blitz-January-16-2024"]
[Site "Chess.com"]
[Date "2024.01.16"]
[Round "11"]
[White "yaguigor"]
[Black "Durarbayli"]
[Result "0-1"]
[WhiteElo "2632"]
[BlackElo "2842"]
[TimeControl "180+1"]
[EndTime "16:06:03 PST"]
[Termination "Durarbayli won by resignation"]

1. e4 e6 2. d4 d5 3. Nc3 Nf6 4.
e5 Nfd7 5. f4 c5 6. Nf3 Nc6 7. Be3 cxd4 8. Nxd4 Qb6 9. Qd2 Qxb2 10. Rb1 Qa3 11. Bb5 Nxd4 12. Bxd4 a6 13. Rb3 Qe7 14. Bxd7+ Qxd7 15. O-O Be7 16. f5 exf5 17. e6 fxe6 18. Bxg7 Rg8 19. Be5 b5 20. Ne2 d4 21.
Nxd4 Bb7 22. Rg3 Rxg3 23. hxg3 Bc5 24. c3 O-O-O 25. Kh2 h5 26. Qh6 Re8 27. Qxh5 Bd5 28. Rf2 Kb7 29. g4 Re7 30. Kg3 Rh7 31. Qg6 Qe7 32. g5 Bd6 33. Nf3 Bxf3 34. Bxd6 Qxd6+ 35.
Kxf3 Qd3+ 0-1

[Event "Late-Titled-Tuesday-Blitz-January-16-2024"]
[Site "Chess.com"]
[Date "2024.01.16"]
[Round "11"]
[White "Nf3c5"]
[Black "Piotrek1979"]
[Result "1-0"]
[WhiteElo "2557"]
[BlackElo "2420"]
[TimeControl "180+1"]
[EndTime "16:06:04 PST"]
[Termination "Nf3c5 won on time"]

1. d4 Nf6 2. Nf3 d5 3. e3 c5 4.
dxc5 Nc6 5. c4 e6 6. a3 Bxc5 7.
b4 Bd6 8. Bb2 O-O 9. Nbd2 b6 10.
Be2 Bb7 11. cxd5 Nxd5 12. O-O Rc8 13. Rc1 Qe7 14. Ne4 Bb8 15. Nd4 Ne5 16. Ng3 Nxe3 17. fxe3 Qh4 18. Rxc8 Rxc8 19. Nf3 Bxf3 20. Bxf3 Nc4 21.
Qd4 Qxd4 22. Bxd4 e5 23. Ba1 Nxe3 24. Re1 Nc2 25. Rc1 Rc4 26. Bd5 Rc7 27. Bxe5 Rd7 28. Rxc2 1-0

[Event "Late-Titled-Tuesday-Blitz-January-16-2024"]
[Site "Chess.com"]
[Date "2024.01.16"]
[Round "11"]
[White "Mariia89"]
[Black "gxbg2000"]
[Result "0-1"]
[WhiteElo "2185"]
[BlackElo "2067"]
[TimeControl "180+1"]
[EndTime "16:06:04 PST"]
[Termination "gxbg2000 won on time"]

1. d4 d5 2. c4 c6 3. e3 Nf6 4.
Nc3 g6 5. Nf3 Bg7 6. Be2 O-O 7.
O-O Re8 8. b4 Nbd7 9. Bd2 e5 10.
b5 e4 11. Ne1 Nf8 12. bxc6 bxc6 13. c5 Bd7 14. Rb1 h5 15. f4 exf3 16. Nxf3 Bf5 17. Rb7 N8h7 18. Ne5 Qc8 19. Qb3 Ng5 20. Ba6 Qe6 21.
Rc7 Rab8 22. Qa4 Nfe4 23. Rxc6 Qe7 24. Nxe4 Nxe4 25. Ba5 Bxe5 26. dxe5 Qxe5 27. Bc7 Nc3 28. Bxe5 Nxa4 29. Bxb8 Rxb8 30. Rc7 Rb2 31. Re1 Be4 32. Bf1 Rc2 33. c6 Nb6 34. Rxa7 Rxc6 35. a4 Rc2 36. a5 Nc4 37. a6 Ra2 38. Ra8+ Kg7 0-1

[Event "Late-Titled-Tuesday-Blitz-January-16-2024"]
[Site "Chess.com"]
[Date "2024.01.16"]
[Round "11"]
[White "Rud_Makarian"]
[Black "chegueps"]
[Result "1-0"]
[WhiteElo "3030"]
[BlackElo "2689"]
[TimeControl "180+1"]
[EndTime "16:06:09 PST"]
[Termination "Rud_Makarian won by resignation"]

1. d4 Nf6 2. c4 g6 3. Nf3 Bg7 4. Nc3 O-O 5. e4 d6 6. Be2 e5 7.
O-O Bg4 8. d5 a5 9. Be3 Na6 10.
Nd2 Bd7 11. a3 h5 12. h3 Nh7 13. Rb1 Bf6 14. Nf3 Ng5 15. b4 axb4 16. axb4 Nxf3+ 17. Bxf3 Bg5 18. Qd2 Bxe3 19. Qxe3 b6 20. Rb2 Qh4 21. Ra1 c5 22. dxc6 Bxc6 23. Qxb6 Nb8 24. Rxa8 Bxa8 25. Qxd6 Nc6 26. Nd5 Nd4 27. Qf6 Nxf3+ 28.
gxf3 Qxh3 29. b5 Bxd5 30. cxd5 Rc8 31. Rb1 Rc3 32. b6 Rxf3 33. Qxf3 Qxf3 34. b7 Qg4+ 35. Kf1 Qh3+ 36. Ke2 Qg4+ 37. f3 Qg2+ 38. Ke3 Qg5+ 39. Kd3 Qf4 40. b8=Q+ Kh7 41. d6 1-0

[Event "Late-Titled-Tuesday-Blitz-January-16-2024"]
[Site "Chess.com"]
[Date "2024.01.16"]
[Round "11"]
[White "cristiancamilosoto"]
[Black "Statham_01"]
[Result "1-0"]
[WhiteElo "2426"]
[BlackElo "2513"]
[TimeControl "180+1"]
[EndTime "16:06:09 PST"]
[Termination "cristiancamilosoto won by checkmate"]

1. c4 e5 2. g3 Nf6 3. Bg2 c6 4.
d4 e4 5. d5 Bb4+ 6. Bd2 Bxd2+ 7. Qxd2 O-O 8. Nc3 d6 9. Nxe4 Nxe4 10. Bxe4 Re8 11. Bg2 cxd5 12. cxd5 Nd7 13. Nf3 b6 14.
O-O Ba6 15. Rfe1 Nc5 16. b4 Ne4 17. Qd4 Rc8 18. Rac1 Qd7 19. Nh4 Nf6 20. e4 Qa4 21. Nf5 Rcd8 22. Rc7 Qxa2 23. Nh6+ gxh6 24. Qxf6 Rf8 25.
Ra1 Qe2 26. Bf1 Qxe4 27. Rxa6 Rde8 28. Raxa7 Qxd5 29. Qxh6 Re1 30. h4 Rfe8 31. Qg5+ Qxg5 32. hxg5 Rb1 33. Kg2 Ree1 34. Bc4 Rg1+ 35. Kf3 Rxb4 36.
Bxf7+ Kg7 37. Bh5+ Kf8 38. Ra8# 1-0

[Event "Late-Titled-Tuesday-Blitz-January-16-2024"]
[Site "Chess.com"]
[Date "2024.01.16"]
[Round "11"]
[White "Lion-Al-Messi"]
[Black "Matrix3x3a"]
[Result "1-0"]
[WhiteElo "2601"]
[BlackElo "2472"]
[TimeControl "180+1"]
[EndTime "16:06:10 PST"]
[Termination "Lion-Al-Messi won by resignation"]

1. e4 e5 2. Nf3 Nc6 3. Bb5 a6 4. Ba4 Nf6 5. O-O d6 6. Re1 Bd7 7. c3 g6 8. d4 Bg7 9. Nbd2 O-O 10. Nf1 exd4 11. cxd4 b5 12. Bb3 Bg4 13. e5 Bxf3 14.
gxf3 dxe5 15. dxe5 Qxd1 16. Bxd1 Nd5 17. f4 Nde7 18.
Bf3 Rad8 19. Be3 Nd4 20. Bxd4 Rxd4 21. Re4 Rxe4 22. Bxe4 Rd8 23. Rc1 Rd7 24. Ne3 Kf8 25. Rd1 Rxd1+ 26. Nxd1 c6 27. Ne3 Ke8 28. b4 Kd7 29.
Kg2 f6 30. exf6 Bxf6 31. Kf3 Bc3 32. Nc2 a5 33. bxa5 Bxa5 34. Ne3 Bc3 35. f5 Bg7 36. fxg6 hxg6 37. h4 c5 38. Ng2 c4 39.
Nf4 Bf6 40. Kg4 Bd4 41. f3 c3 42. Nxg6 Nxg6 43. Bxg6 Ke6 44. h5 b4 45. h6 Bh8 46. h7 Ke5 47. f4+ Kd4 48. Kf3 Kc4 49.
Bc2 Kd4 50. Ke2 Kd5 51. Kd3 Kc5 52. Bb3 Kb5 53. Ke4 Kc5 54. f5 Kb5 55. Kd5 Ka5 56. Ke6 Kb5 57. f6 Kc5 58. f7 Bg7 59. h8=Q Bxh8 60.
f8=Q+ 1-0

[Event "Late-Titled-Tuesday-Blitz-January-16-2024"]
[Site "Chess.com"]
[Date "2024.01.16"]
[Round "11"]
[White "Balla_Tamas"]
[Black "bazar-wokzal"]
[Result "0-1"]
[WhiteElo "2448"]
[BlackElo "2563"]
[TimeControl "180+1"]
[EndTime "16:06:14 PST"]
[Termination "bazar-wokzal won on time"]

1. e4 Nc6 2. d4 d5 3. exd5 Qxd5 4.
Nf3 Bg4 5. Nc3 Qh5 6. Be2 O-O-O 7. Be3 e5 8. Nxe5 Nxe5 9. Bxg4+ Qxg4 10. Ne2 Qxg2 11.
Ng3 Nf3+ 12. Ke2 Nf6 13. Qd3 Bc5 14. Qf5+ Kb8 15. Qxf3 Qxf3+ 16. Kxf3 Bxd4 17. Bxd4 Rxd4 18. Rad1 Rhd8 19. Rxd4 Rxd4 20. Nf5 Rd2 21. Ne3 b5 22. a3 Kb7 23. Re1 c5 24. c4 Rxb2 25. cxb5 Rxb5 26. Nc4 Rb3+ 27. Kg2 Rc3 28. Re7+ Kc6 29. Ne3 Rxa3 30.
Rxf7 Nd5 31. Nc4 Rc3 32. Ne5+ Kd6 33. Ng4 h5 34. Ne3 Nxe3+ 35. fxe3 Rxe3 36. Rxa7 g5 37. Kf2 Re5 38. Kf3 Kd5 39. Ra4 c4 40. Ra8 Kd4 41. Rh8 c3 0-1

[Event "Late-Titled-Tuesday-Blitz-January-16-2024"]
[Site "Chess.com"]
[Date "2024.01.16"]
[Round "11"]
[White "Redzishchess"]
[Black "Goryachkina"]
[Result "1/2-1/2"]
[WhiteElo "2503"]
[BlackElo "2683"]
[TimeControl "180+1"]
[EndTime "16:06:15 PST"]
[Termination "Game drawn by repetition"]

1. d4 Nf6 2. Nc3 e6 3. Bg5 h6 4.
Bxf6 Qxf6 5. e4 d6 6. g3 g6 7. Bg2 Bg7 8. Nge2 O-O 9. O-O Nc6 10. d5 Ne5 11. Nf4 Nc4 12. Rb1 Nxb2 13. Rxb2 Qxc3 14. Rb3 Qc5 15. dxe6 fxe6 16. Nxg6 Rf7 17. e5 d5 18. Kh1 Bd7 19. f4 Bb5 20. Rff3 d4 21. h4 Bc4 22. Rxb7 Bd5 23. Rfb3 Bxb7 24. Rxb7 Rd8 25. Qd3 Qc3 26.
Be4 Qxd3 27. Bxd3 c5 28. Ne7+ Kf8 29. Ng6+ Kg8 30. Ne7+ Kf8 31. Ng6+ Kg8 1/2-1/2

[Event "Late-Titled-Tuesday-Blitz-January-16-2024"]
[Site "Chess.com"]
[Date "2024.01.16"]
[Round "11"]
[White "dretch"]
[Black "Beca95"]
[Result "0-1"]
[WhiteElo "2792"]
[BlackElo "2954"]
[TimeControl "180+1"]
[EndTime "16:06:16 PST"]
[Termination "Beca95 won on time"]

1. d4 Nf6 2. Nf3 e6 3. c4 c5 4.
d5 d6 5. Nc3 exd5 6. cxd5 g6 7.
h3 Bg7 8. e4 a6 9. a4 Nbd7 10. Bd3 Nh5 11. O-O Ne5 12. Be2 Nxf3+ 13. Bxf3 Qh4 14. a5 Bd4 15. Be3 Bxe3 16. fxe3 Nf6 17.
Na4 O-O 18. Nb6 Rb8 19. Nc4 Nxe4 20. Nb6 Qg5 21. Re1 Nf6 22. Kh1 Nd7 23. Qb3 Nxb6 24. Qxb6 Qg3 25. Rf1 Bd7 26. Rac1 Bb5 27. Rfe1 h5 28. e4 Qe5 29. Rc2 Rbe8 30. Rec1 Re7 31. Rc3 Kg7 32. Kg1 Rh8 33. Rd1 g5 34. Rdc1 g4 35.
hxg4 hxg4 0-1